Map: Аура смерти РВ

Players

Lopatqa

  • Race: Zerg Zerg
  • League: Master
  • Spawn Location: 5:00

Kantara - Winner!

  • Race: Protoss Protoss
  • League: Master
  • Spawn Location: 11:00

VOD

Have the link to the VOD?

Description

Time

  • Played on: Jan. 2, 2021, 2:29 p.m.
  • Length: 16:36
Show
View Real Time Build Order
Export as new Build Order

Lopatqa Zerg 

Build Orders: Hatch First, Lurkers 

Get SALT Encoding   

  12  0:01  Drone  
  13  0:12  Overlord  
  13  0:17  Drone  
  14  0:31  Drone x2  
  16  0:48  Hatchery  
  15  0:52  Drone  
  15  0:55  Drone  
  17  1:01  Drone  
  18  1:10  Extractor  
  17  1:16  Spawning Pool  
  16  1:19  Drone  
  16  1:20  Drone  
  18  1:29  Drone  
  19  1:40  Drone  
  20  1:53  Overlord  
  20  2:05  Hatchery  
  19  2:08  Queen  
  19  2:11  Queen  
  23  2:18  Metabolic Boost  
  23  2:21  Drone  
  24  2:25  Drone  
  24  2:28  Drone  
  26  2:34  Drone  
  26  2:35  Drone  
  28  2:38  Drone  
  30  2:44  Drone  
  30  2:46  Drone  
  31  2:52  Queen  
  33  2:58  Queen  
  33  3:04  Drone  
  36  3:06  Overlord  
  36  3:26  Queen  
  38  3:27  Overlord  
  38  3:28  Drone  
  38  3:29  Drone x5  
  44  3:35  Lair  
  44  3:41  Queen  
  46  3:57  Spore Crawler  
  45  4:07  Spore Crawler, Queen  
  45  4:08  Spore Crawler  
  45  4:09  Overlord  
  45  4:10  Drone x3  
  48  4:17  Queen  
  50  4:30  Drone x2  
  50  4:31  Drone x9  
  61  4:47  Queen  
  61  4:49  Extractor  
  61  4:51  Extractor  
  61  4:54  Hydralisk Den  
  61  4:55  Evolution Chamber, Drone x2  
  61  4:56  Drone x3  
  61  4:58  Overlord  
  64  5:20  Overlord  
  64  5:23  Drone  
  64  5:24  Drone x9  
  74  5:34  Overlord x3  
  74  5:36  Zerg Missile Weapons Level 1, Grooved Spines  
  74  5:55  Extractor  
  73  6:04  Overlord x3  
  73  6:06  Hydralisk  
  73  6:07  Hydralisk x7  
  89  6:14  Hydralisk  
  89  6:16  Drone  
  89  6:18  Drone x2  
  94  6:22  Queen  
  94  6:23  Queen x2  
  100  6:37  Hydralisk x5  
  100  6:39  Zergling x2  
  112  6:40  Zergling x4  
  113  6:47  Muscular Augments  
  113  6:52  Drone x2  
  113  6:53  Overlord x3  
  113  6:54  Hydralisk  
  115  6:58  Hydralisk, Queen x3  
  115  6:59  Hydralisk  
  127  7:09  Hydralisk  
  127  7:11  Overlord x6  
  127  7:13  Hydralisk  
  127  7:15  Hydralisk  
  133  7:35  Hydralisk  
  133  7:36  Hydralisk x5  
  145  7:46  Extractor  
  145  7:47  Extractor  
  145  7:48  Drone x3  
  145  7:49  Drone x3  
  149  7:52  Hydralisk, Drone x2  
  149  7:53  Hydralisk x2  
  149  7:54  Spore Crawler x2  
  155  8:08  Hydralisk x3  
  161  8:23  Extractor  
  161  8:26  Drone  
  161  8:32  Hydralisk x5  
  171  8:41  Zergling x6  
  174  8:53  Hydralisk x5  
  184  9:02  Hatchery  
  183  9:05  Hydralisk  
  183  9:06  Hydralisk x3  
  165  9:36  Hydralisk x5  
  165  9:37  Hydralisk x3  
  115  9:52  Hydralisk x4  
  103  9:59  Drone x5  
  106  10:07  Hydralisk  
  106  10:08  Hydralisk  
  110  10:14  Extractor  
  110  10:20  Infestation Pit, Hydralisk  
  110  10:21  Lurker Den  
  109  10:24  Drone x2, Hatchery  
  110  10:29  Drone x5  
  110  10:30  Extractor x2  
  110  10:31  Queen  
  110  10:32  Hydralisk x3  
  121  10:36  Hatchery  
  120  10:45  Drone x3  
  120  10:46  Drone x3  
  120  10:47  Hydralisk  
  120  10:48  Hydralisk x3  
  134  10:57  Drone x3  
  137  11:21  Hydralisk x7  
  137  11:22  Hydralisk x3  
  157  11:28  Drone x5  
  162  11:48  Lurker x5  
  162  11:50  Zergling x26  
  180  11:55  Evolution Chamber x2, Drone  
  180  12:00  Zergling x2  
  180  12:01  Zergling x8  
  184  12:07  Zergling x12  
  190  12:19  Extractor x2  
  188  12:23  Hive  
  188  12:24  Zerg Melee Weapons Level 1  
  188  12:25  Zerg Missile Weapons Level 2  
  188  12:26  Zerg Ground Armor Level 1  
  188  12:32  Queen  
  185  12:48  Hydralisk x6  
  185  12:49  Hydralisk x4  
  199  13:09  Spine Crawler  
  199  13:10  Spine Crawler  
  199  13:12  Spine Crawler, Drone  
  197  13:13  Drone x2  
  195  13:36  Lurker  
  195  13:37  Lurker x11  
  196  14:05  Hydralisk x3  
  196  14:06  Hydralisk  
  162  14:30  Hydralisk x2  
  162  14:31  Hydralisk x20  
  184  14:40  Adrenal Glands  
  184  14:42  Adaptive Talons  
  184  14:43  Zergling x2  
  184  14:44  Zergling x26  
  170  14:56  Lurker  
  170  14:57  Lurker x3  
  170  14:58  Zergling x10  
  170  14:59  Zergling x8  
  183  15:06  Hatchery  
  182  15:08  Hatchery  
  181  15:28  Hydralisk  
  181  15:29  Hydralisk x5, Zergling x2  
  181  15:30  Zergling x10  
  188  16:05  Hydralisk  
  188  16:06  Hydralisk x6  
Show
View Real Time Build Order
Export as new Build Order

Kantara Protoss - Winner!

Build Orders: 1 Gate Expand 

Get SALT Encoding   

  12  0:00  Probe  
  13  0:12  Probe  
  14  0:18  Pylon  
  14  0:25  Probe (Chrono Boost)  
  15  0:37  Probe (Chrono Boost)  
  15  0:38  Gateway  
  16  0:44  Probe (Chrono Boost)  
  16  0:46  Assimilator  
  17  0:51  Probe  
  18  1:04  Probe  
  19  1:16  Probe  
  20  1:25  Nexus  
  20  1:36  Cybernetics Core  
  20  1:39  Probe  
  21  1:46  Assimilator  
  21  1:52  Probe  
  21  1:54  Pylon  
  22  2:04  Probe  
  23  2:13  Adept  
  25  2:16  Probe (Chrono Boost)  
  26  2:28  Probe (Chrono Boost)  
  26  2:29  Stargate  
  27  2:33  Warp Gate  
  27  2:35  Probe (Chrono Boost)  
  28  2:39  Probe (Chrono Boost)  
  30  2:44  Shield Battery  
  30  2:45  Adept  
  30  2:47  Probe (Chrono Boost)  
  32  2:52  Probe (Chrono Boost)  
  32  2:55  Pylon  
  34  3:00  Probe (Chrono Boost)  
  34  3:03  Probe (Chrono Boost)  
  35  3:07  Void Ray  
  35  3:08  Probe (Chrono Boost)  
  35  3:09  Probe (Chrono Boost)  
  37  3:19  Probe  
  42  3:27  Probe (Chrono Boost)  
  44  3:35  Probe (Chrono Boost)  
  44  3:39  Probe (Chrono Boost)  
  45  3:43  Assimilator  
  45  3:44  Void Ray  
  45  3:45  Assimilator  
  45  3:46  Probe (Chrono Boost)  
  45  3:47  Probe (Chrono Boost)  
  51  3:56  Probe  
  52  4:09  Stargate  
  52  4:21  Probe x2  
  54  4:24  Nexus  
  54  4:28  Nexus  
  54  4:30  Pylon  
  54  4:42  Void Ray  
  54  4:45  Pylon  
  54  4:47  Pylon  
  54  4:50  Probe (Chrono Boost)  
  54  4:52  Probe (Chrono Boost)  
  60  4:55  Probe (Chrono Boost)  
  61  5:00  Probe  
  62  5:13  Probe x2  
  64  5:19  Void Ray x2  
  64  5:25  Shield Battery, Probe  
  64  5:26  Probe  
  74  5:29  Robotics Facility  
  74  5:31  Robotics Facility  
  74  5:32  Pylon  
  72  5:52  Probe (Chrono Boost)  
  71  5:57  Probe x2 (Chrono Boost)  
  71  6:02  Void Ray x2  
  71  6:03  Probe (Chrono Boost)  
  72  6:07  Probe x2 (Chrono Boost)  
  72  6:08  Probe (Chrono Boost)  
  83  6:12  Assimilator  
  83  6:16  Assimilator  
  83  6:17  Probe x2 (Chrono Boost)  
  85  6:18  Gateway  
  85  6:19  Gateway  
  85  6:20  Immortal x2  
  85  6:21  Gateway  
  85  6:22  Robotics Bay, Gateway  
  95  6:33  Probe (Chrono Boost)  
  95  6:35  Probe (Chrono Boost)  
  95  6:37  Probe (Chrono Boost)  
  97  6:41  Probe (Chrono Boost)  
  97  6:48  Probe (Chrono Boost), Twilight Council  
  97  6:51  Pylon  
  97  6:53  Pylon  
  97  6:54  Probe (Chrono Boost)  
  100  6:57  Probe (Chrono Boost)  
  100  7:00  Observer  
  101  7:09  Observer, Probe x2  
  101  7:11  Gateway  
  101  7:14  Gateway x2  
  104  7:16  Gateway  
  104  7:18  Colossus  
  104  7:21  Gateway  
  110  7:24  Colossus  
  116  7:40  Probe  
  117  7:56  Pylon x2  
  117  7:57  Pylon  
  117  7:59  Pylon x2  
  117  8:00  Nexus  
  117  8:03  Extended Thermal Lance (Chrono Boost)  
  117  8:04  Assimilator x2, Templar Archives  
  117  8:06  Pylon  
  117  8:08  Pylon  
  117  8:12  Gateway  
  117  8:13  Gateway  
  117  8:14  Probe x2  
  119  8:26  Colossus x2  
  125  8:28  Stalker x5  
  125  8:29  Stalker  
  143  8:35  Probe x3  
  146  8:48  Forge  
  146  8:49  Forge  
  146  9:05  Zealot x7  
  146  9:06  Zealot x3  
  146  9:07  Probe x2  
  146  9:08  Probe  
  155  9:19  Probe  
  155  9:23  Stalker x2  
  152  9:25  Stalker x4  
  136  9:40  Protoss Ground Weapons Level 1 (Chrono Boost)  
  114  9:46  Stalker x5  
  114  9:47  Stalker x3  
  116  9:53  Protoss Shields Level 1 (Chrono Boost)  
  116  9:56  Zealot x4  
  116  10:01  Colossus (Chrono Boost)  
  122  10:15  Probe x3  
  122  10:18  High Templar x6  
  137  10:39  Psionic Storm  
  137  10:40  Archon x2, Gateway  
  137  10:41  Archon, Zealot  
  137  10:42  Gateway, Zealot x5  
  149  10:44  Photon Cannon, Gateway  
  149  10:45  Colossus (Chrono Boost)  
  149  10:47  Photon Cannon  
  155  10:52  High Templar  
  155  10:54  High Templar  
  159  11:08  Colossus (Chrono Boost)  
  159  11:18  High Templar x2  
  169  11:21  Pylon  
  169  11:23  Nexus  
  169  11:25  Assimilator  
  169  11:27  Assimilator  
  169  11:29  Colossus (Chrono Boost)  
  175  11:35  Archon, Protoss Air Weapons Level 1 (Chrono Boost)  
  175  11:36  Archon  
  175  11:37  Zealot x6  
  187  11:42  Observer x2  
  187  11:44  Warp Prism (Chrono Boost)  
  187  11:47  Pylon x2  
  189  11:56  Stalker x3  
  195  12:12  Stargate  
  195  12:13  Stargate  
  195  12:14  Stargate  
  195  12:15  High Templar x2  
  195  12:19  Archon  
  199  12:48  Charge (Chrono Boost)  
  199  12:50  Protoss Ground Weapons Level 2 (Chrono Boost)  
  199  12:59  Protoss Shields Level 2 (Chrono Boost)  
  199  13:31  Nexus  
  199  13:35  Unknown  
  199  13:38  Unknown  
  199  13:42  Pylon  
  199  13:44  Fleet Beacon  
  199  13:45  Pylon  
  199  13:55  Protoss Air Armor Level 1 (Chrono Boost)  
  151  14:28  Zealot x3  
  151  14:29  Zealot x5  
  156  14:44  Zealot x7  
  156  14:51  Carrier x2  
  156  14:52  Carrier x2  
  180  14:59  Probe x4  
  184  15:03  Nexus  
  184  15:06  Pylon  
  184  15:09  Pylon  
  184  15:13  Zealot x2  
  184  15:14  Zealot x6  
  200  15:28  Nexus  
Tags
 
Add a new tag
Caveats
  • Supply blocks, unpowered buildings, or Contaminate may cause inaccurate times.
  • Supply counts are checked every 10 seconds.